 Dungeon Crawl Stone Soup version 0.31-a0-1204-ge2c1a860ed (webtiles) character file.

Game seed: 4165678483272731468

207706 Lobster4 the Eclecticist (level 18, -45/110 HPs)
             Began as a Deep Elf Hedge Wizard on Dec 11, 2023.
             Was a High Priest of Vehumet.
             Annihilated by a juggernaut zombie (49 damage)
             ... on level 3 of the Swamp on Dec 12, 2023.
             The game lasted 03:11:11 (45635 turns).

Lobster4 the Eclecticist (Deep Elf Hedge Wizard)   Turns: 45635, Time: 03:11:12

Health: -45/110    AC: 13    Str:  7    XL:     18   Next: 10%
Magic:  34/42      EV: 17    Int: 31    God:    Vehumet [*****.]
Gold:   1707       SH:  0    Dex: 12    Spells: 9/54 levels left

rFire   + . .        b - +8 longbow (flame)
rCold   + + .        (shield currently unavailable)
rNeg    + + +        Z - +2 robe {rC+ rF+}
rPois   +            g - +2 hat {Int+3}
rElec   .            h - +2 cloak {rPois}
rCorr   +            P - +1 pair of gloves
SInv    +            Q - +1 pair of boots "Ymush" {Fly rN+++ rCorr Dex-4}
Will    ++...        S - amulet of magic regeneration
Stlth   ++           f - ring "Zukkohir" {rC+ Will+ Int+2}
HPRegen 0.38/turn    p - ring of see invisible
MPRegen 0.68/turn

%: no passive effects
@: swift, about to teleport, flying, quick
A: no striking features
}: 1/15 runes: gossamer
a: Renounce Religion


You were on level 3 of the Swamp.
You worshipped Vehumet.
Vehumet was extremely pleased with you.
You visited 6 branches of the dungeon, and saw 30 of its levels.
You also visited: Sewer and Gauntlet.

You collected 2803 gold pieces.
You spent 1096 gold pieces at shops.

Inventory:

Hand Weapons
 a - the +9 sword of Power {lifebolt}
   (You found it on level 8 of the Dungeon)
 b - a +8 longbow of flaming (weapon)
Missiles
 c - 10 curare-tipped darts
Armour
 g - a +2 hat of intelligence (worn)
 h - a +2 cloak of poison resistance (worn)
 k - the +0 pair of boots of Bad Feelings {rF++ rCorr Dex-4}
   (You bought it in a shop on level 2 of the Orcish Mines)

   Dex-4:     It affects your dexterity (-4).
   rF++:      It greatly protects you from fire.
   rCorr:     It protects you from acid and corrosion.
 t - a scarf of resistance
 A - the +0 hat "Wuckuq" {rF+ rN+}
   (You found it on level 4 of the Spider Nest)

   rF+:       It protects you from fire.
   rN+:       It protects you from negative energy.
 F - the +0 pair of gloves of Ixojedd {rElec Will- rCorr}
   (You found it in a Gauntlet)

   rElec:     It insulates you from electricity.
   Will-:     It decreases your willpower.
   rCorr:     It protects you from acid and corrosion.
 P - a +1 pair of gloves (worn)
 Q - the +1 pair of boots "Ymush" (worn) {Fly rN+++ rCorr Dex-4}
   (You found it on level 1 of the Spider Nest)

   Dex-4:     It affects your dexterity (-4).
   rN+++:     It renders you almost immune to negative energy.
   Fly:       It grants you flight.
   rCorr:     It protects you from acid and corrosion.
 Z - a +2 robe of resistance (worn)
Magical Staves
 H - the staff "Hiecvof" {rC+ Conj Necro}
   (You found it on level 13 of the Dungeon)

   [staff of conjuration]

   Base accuracy: +5 Base damage: 5 Base attack delay: 1.2 This weapon's minimum
   attack delay (0.6) is reached at skill level 12.
   rC+:       It protects you from cold.
   Conj:      It increases the power of your Conjurations spells.
   Necro:     It increases the power of your Necromancy spells.
   It falls into the 'Staves' category.
   It is a one-handed weapon.
Jewellery
 f - the ring "Zukkohir" (left hand) {rC+ Will+ Int+2}
   (You found it on level 8 of the Dungeon)

   [ring of willpower]

   Int+2:     It affects your intelligence (+2).
   rC+:       It protects you from cold.
   Will+:     It increases your willpower.
 o - the ring of the Battered Souls {rPois Str+6 Int+3}
   (You bought it in a shop on level 8 of the Dungeon)

   [ring of strength]

   Str+6:     It affects your strength (+6).
   Int+3:     It affects your intelligence (+3).
   rPois:     It protects you from poison
 p - a ring of see invisible (right hand)
 q - a ring of positive energy
 E - a ring of protection from fire
 R - a ring of protection from cold
 S - an amulet of magic regeneration (around neck)
 T - a ring of flight
 X - an amulet of reflection
Wands
 r - a wand of paralysis (18)
 C - a wand of mindburst (34)
 G - a wand of acid (11)
 M - a wand of digging (15)
 W - a wand of roots (1)
Scrolls
 i - a scroll of poison
 l - 4 scrolls of teleportation
 s - a scroll of immolation
 u - 4 scrolls of brand weapon
 x - 5 scrolls of amnesia
 y - 8 scrolls of fog
 z - 2 scrolls of revelation
Potions
 d - 6 potions of magic
 j - a potion of heal wounds
 m - 3 potions of curing
 v - a potion of mutation
 w - a potion of invisibility
 B - 2 potions of attraction
 D - a potion of cancellation
 K - 7 potions of ambrosia
 L - 2 potions of lignification
 O - a potion of resistance
 U - a potion of enlightenment
 V - 4 potions of brilliance
Miscellaneous
 e - a phial of floods
 n - a box of beasts
 J - a tin of tremorstones (2/2)


   Skills:
 + Level 11.0 Fighting
 - Level 1.0(11.8) Short Blades
 * Level 16.6 Long Blades
 - Level 13.0 Ranged Weapons
 - Level 1.0 Throwing
 - Level 4.0 Armour
 - Level 12.0 Dodging
 - Level 3.0 Stealth
 + Level 18.9 Spellcasting
 - Level 11.0 Conjurations
 - Level 6.0 Hexes
 - Level 2.0 Summonings
 - Level 4.0 Necromancy
 - Level 5.0 Translocations
 - Level 2.0 Transmutations
 - Level 5.0 Fire Magic
 - Level 4.0 Ice Magic
 - Level 4.0 Air Magic
 - Level 2.0 Earth Magic
 - Level 4.0 Poison Magic
 - Level 3.0 Evocations


You had 9 spell levels left.
You knew the following spells:

 Your Spells              Type           Power      Damage    Failure   Level
a - Magic Dart            Conj           100%       1d8       0%          1
b - Poisonous Vapours     Pois/Air       100%       N/A       1%          2
c - Mephitic Cloud        Conj/Pois/Air  62%        N/A       1%          3
d - Iskenderun's Mystic   Conj/Tloc      68%        2d14      1%          4
e - Freezing Cloud        Conj/Ice/Air   31%        6-21      1%          5
f - Orb of Destruction    Conj           39%        9d11      3%          7
g - Anguish               Hex/Necr       28%        N/A       1%          4
h - Plasma Beam           Fire/Air       27%        2x1d40    9%          6
i - Hailstorm             Conj/Ice       66%        3d12      1%          3
p - Passwall              Tmut/Erth      34%        N/A       1%          2
s - Swiftness             Air            52%        N/A       1%          3
t - Teleport Other        Tloc           57%        N/A       1%          3
x - Blink                 Tloc           100%       N/A       1%          2

Your spell library contained the following spells:

 Spells                   Type           Power      Damage    Failure   Level
 Ignition                 Fire           28%        3d9       93%         8
 Maxwell's Capacitive Co  Air            26%        ∞         98%         8
 Shatter                  Erth           20%        3d18*     100%        9
 Shock                    Conj/Air       100%       1d9       1%          1
 Slow                     Hex            100%       N/A       1%          1
 Call Imp                 Summ           82%        N/A       1%          2
 Cigotuvi's Dreadful Rot  Necr/Pois/Air  100%       N/A       1%          2
 Ensorcelled Hibernation  Hex/Ice        100%       N/A       1%          2
 Jinxbite                 Hex            100%       N/A       1%          2
 Dazzling Flash           Conj/Hex       100%       N/A       1%          3
 Gell's Gravitas          Tloc           57%        N/A       1%          3
 Inner Flame              Hex/Fire       59%        N/A       1%          3
 Ozocubu's Armour         Ice            52%        N/A       1%          3
 Airstrike                Air            26%        2d(4-20)  1%          4
 Flame Wave               Conj/Fire      68%        2d15      1%          4
 Sticky Flame             Conj/Fire      68%        2d8       1%          4
 Yara's Violent Unravell  Hex/Tmut       26%        3d11      1%          5
 Dispel Undead            Necr           52%        3d19      2%          4
 Metabolic Englaciation   Hex/Ice        28%        N/A       4%          5
 Silence                  Hex/Air        28%        N/A       4%          5
 Agony                    Necr           52%        N/A       7%          5
 Summon Mana Viper        Hex/Summ       52%        N/A       7%          5
 Dispersal                Tloc           28%        N/A       26%         6
 Death Channel            Necr           26%        N/A       36%         6
 Simulacrum               Ice/Necr       26%        N/A       36%         6
 Malign Gateway           Summ/Tloc      25%        N/A       95%         7
 Monstrous Menagerie      Summ           20%        N/A       99%         7


Dungeon Overview and Level Annotations

Branches:
Dungeon (15/15)            Temple (1/1) D:4            Lair (5/5) D:10
  Swamp (3/4) Lair:2       Spider (4/4) Lair:3        Slime (0/5) Lair:4
    Orc (2/2) D:10            Elf (0/3) Orc:2        Vaults (0/5) D:13
  Sewer (visited)         Gauntlet (visited)
 Depths: D:15

Altars:
Ashenzari
Cheibriados
Dithmenos
Elyvilon
Fedhas
Gozag
Hepliaklqana
Kikubaaqudgha
Makhleb
Nemelex Xobeh
Okawaru
Qazlal
Ru
Sif Muna
Trog
Uskayaw
Vehumet
Wu Jian
Xom
Yredelemnul
Zin
The Shining One
Jiyva

Shops:
D:2 *   D:8 =   D:15 *   Orc:2 =*[(

Annotations:
D:15 Rupert
Lair:3 1 transporter, Zonian's ghost, journeyman DgEE
Lair:4 2 transporters
Spider:3 1 runed translucent door, Jeuxtor's ghost, adept DrGl


Message History

The necromancer gestures wildly while chanting.
The necromancer binds the souls of nearby monsters.
Unknown command.
Casting: Iskenderun's Mystic Blast (safe; 1% risk of failure)
Confirm with . or Enter, or press ? or * to list all spells.
Aiming: Freezing Cloud (mildly dangerous; 1% risk of failure)
Press: ? - help, Dir - move target The bog body is engulfed in freezing vapours.
The necromancer is engulfed in freezing vapours.
You kill the necromancer!
Vehumet accepts your kill.
You feel your power returning.
Casting: Freezing Cloud (mildly dangerous; 1% risk of failure)
Confirm with . or Enter, or press ? or * to list all spells.
Aiming: Orb of Destruction (dangerous; 3% risk of failure)
Press: ? - help, Shift-Dir - straight line, f - juggernaut zombie
Aim: a juggernaut zombie (freezing vapour, lightly damaged)
The juggernaut zombie is engulfed in freezing vapours.
The wavering orb of destruction hits the juggernaut zombie!!
The juggernaut zombie is moderately damaged.
The juggernaut zombie hits you but does no damage.
The juggernaut zombie barely misses you.
Casting: Orb of Destruction (dangerous; 3% risk of failure)
Confirm with . or Enter, or press ? or * to list all spells.
You feel quick.
The bog body is engulfed in freezing vapours.
You destroy the bog body!
Vehumet accepts your kill.
You feel your power returning.
The bunyip zombie attacks as it pursues you!
The bunyip zombie claws you!! The bunyip zombie closely misses you.
The bunyip zombie misses you. The bunyip zombie claws you!!
* * * LOW HITPOINT WARNING * * *
The bunyip zombie claws you!!
* * * LOW HITPOINT WARNING * * *
The bunyip zombie completely misses you.
As you read the scroll of teleportation, it crumbles to dust.
You feel strangely unstable. The juggernaut zombie hits you!!!
You die...

......♣♣♣♣♣♣♣~~♣.~~~.~.~.~~~~~~.§
.~~.§..♣~.♣♣♣♣♣♣♣..~.♣.~~..~~~..~
.~...~♣~§~.♣ ♣..♣~♣~....♣~..♣♣♣
♣♣...♣♣~~~.♣ ♣.~♣♣♣♣♣~♣~♣~~...♣
♣♣♣~.#####.♣♣ ♣♣.~.♣ ♣♣♣♣♣....♣~
♣.##⌠_⌠##.♣ ♣<~~♣ ♣♣~.♣♣♣ ♣
♣♣#:÷)÷$#)♣♣♣♣♣~..♣ ♣♣♣~~~♣ ♣
#..~§.#).~.♣♣~~~♣♣♣♣ ♣♣.>~.~. ♣
#.~~..#~...Z@.~~.♣~♣ ♣~~~.~..
#.~...#~.~♣♣~..~~[♣♣♣♣.~~~~.§
♣##'''##.~♣♣♣♣♣♣♣♣♣♣ ♣~....... ♣
♣.≈~~~.~Z...~♣ ♣♣..§.~.. ♣♣
♣#~~.~≈#...~.♣ ♣♣..~.♣♣
~♣♣♣##~~~#.~..♣♣♣ ♣♣♣♣♣♣
.♣♣~#~~..~.~†..♣♣
..~.###∩.≈..~.♣.♣♣
.~............~..♣♣


You could see a juggernaut zombie.

Vanquished Creatures
  Bai Suzhen (Spider:4)
  Nikola (Spider:4)
  Jorgrun (D:14)
  Mlioglotl (Spider:4)
  Agnes (D:13)
  Roxanne (Spider:1)
  2 thorn hunters
  Donald (Orc:2)
  Aizul (Spider:4)
  A fenstrider witch (Swamp:3)
  7 emperor scorpions
  5 ghost moths
  2 ghouls (Swamp:2)
  Louise (Spider:3)
  2 orc warlords
  A broodmother (Spider:3)
  An ironbound preserver (D:13)
  4 eleionomae
  Nessos (D:12)
  3 bunyips
  4 spark wasps
  Azrael (D:12)
  A minotaur (Gauntlet)
  Josephine (Lair:3)
  Fannar (Orc:1)
  5 entropy weavers
  Erolcha (Orc:1)
  5 centaur warriors
  12 hydras
  An ogre mage (Orc:2)
  6 alligators
  A catoblepas (Lair:1)
  10 jorogumos
  5 two-headed ogres
  8 boulder beetles
  3 ghost crabs
  4 death yaks (Lair:5)
  Urug (Orc:2)
  4 tengu warriors
  7 demonic crawlers
  2 orc high priests
  Sonja (D:13)
  19 spriggans
  2 skysharks
  2 sun moths
  A fire crab (Gauntlet)
  7 goliath frogs
  7 pharaoh ants
  A bunyip zombie (Swamp:3)
  A spriggan druid (Swamp:2)
  Pikel (D:9)
  4 swamp dragons
  4 bog bodies (Swamp:3)
  2 orc knights (Orc:2)
  2 deep elf pyromancers (D:13)
  9 orb spiders
  5 orc sorcerers
  8 steelbarb worms
  A bunyip skeleton (Swamp:3)
  2 necromancers
  19 wolf spiders
  3 manticores
  3 elephants (Lair:3)
  3 moths of wrath
  2 will-o-the-wisps
  4 cyclopes
  6 black mambas
  An elephant (shapeshifter) (D:13)
  9 cane toads
  3 torpor snails
  A gargoyle (D:14)
  2 rime drakes
  Jeremiah (D:9)
  A kobold demonologist (D:9)
  An efreet (D:13)
  A yaktaur (D:13)
  11 komodo dragons
  A freezing wraith (D:13)
  A tengu conjurer (D:15)
  5 polar bears (Lair:5)
  9 tyrant leeches
  2 bloated husks
  11 trolls
  2 meliai (shapeshifter)
  28 tarantellas
  20 hornets
  Prince Ribbit (D:8)
  9 blink frogs
  6 dream sheep
  8 slime creatures
  23 jumping spiders
  2 shadows
  28 culicivoras
  6 wraiths
  A yak (shapeshifter) (D:13)
  2 vampires
  A fire elemental (D:12)
  5 wyverns
  56 yaks
  4 fire bats (Gauntlet)
  A basilisk (Lair:5)
  47 redbacks
  2 steam dragons (D:6)
  4 vampire mosquitoes (Swamp:1)
  5 small abominations (Gauntlet)
  2 wargs (Orc:1)
  A swamp worm (shapeshifter) (D:15)
  13 swamp worms
  2 acid dragons
  13 water moccasins
  7 hell hounds
  27 orc warriors
  6 black bears
  3 ice beasts
  A meliai simulacrum (D:14)
  A black bear (shapeshifter) (D:13)
  3 sky beasts
  4 boggarts (Lair:5)
  47 wolves
  10 centaurs
  10 ogres
  A crocodile (Sewer)
  2 swamp dragon skeletons (Swamp:3)
  4 lemures
  2 phantoms
  4 kobold brigands
  10 bullfrogs
  3 gnoll sergeants
  4 necrophages
  2 scorpions
  5 wights
  4 killer bees
  3 electric eels
  8 howler monkeys
  6 hounds
  13 orc priests
  8 jellies
  3 sleepcaps
  A gnoll bouda (D:4)
  2 iguanas
  22 orc wizards
  2 polar bear simulacra (Lair:3)
  2 yak simulacra (Lair:3)
  4 wolf simulacra (Lair:3)
  A hound skeleton (D:6)
  9 gnolls
  5 adders
  2 river rats (Lair:3)
  A shadow imp (D:6)
  3 white imps
  3 worms
  5 dart slugs
  61 orcs
  3 ball pythons
  3 endoplasms
  4 giant cockroaches
  A hobgoblin (D:4)
  8 jackals
  10 quokkas
  7 bats
  14 kobolds
  3 rats
  3 river rat simulacra (Lair:3)
972 creatures vanquished.

Vanquished Creatures (others)
  A boulder beetle (D:14)
  An orc knight (Orc:2)
  An arcanist (D:3)
  A wolf spider (Lair:3)
  An ugly thing (D:11)
  A kobold blastminer (Orc:1)
  2 cane toads
  A black mamba (Lair:2)
  A yaktaur (D:12)
  2 blink frogs (Lair:2)
  A spriggan (Lair:5)
  A yak (Lair:1)
  A black bear (Lair:5)
  4 wolves
  A centaur (D:14)
  4 foxfires
24 creatures vanquished.

Grand Total: 996 creatures vanquished

Notes
Turn   | Place    | Note
-------+----------+-------------------------------------------
     0 | D:1      | Lobster4 the Deep Elf Hedge Wizard began the quest for the
                  | Orb.
     0 | D:1      | Reached XP level 1. HP: 10/10 MP: 7/7
   353 | D:1      | Reached XP level 2. HP: 15/15 MP: 0/9
   356 | D:1      | Learned a level 2 spell: Blink
  1799 | D:2      | Found Fezuwn's Assorted Antiques.
  1870 | D:2      | Learned a level 2 spell: Poisonous Vapours
  2056 | D:2      | Reached XP level 3. HP: 19/19 MP: 6/11
  2617 | D:3      | Found a bloodstained altar of Trog.
  2618 | D:3      | Noticed an arcanist
  2624 | D:3      | Killed an arcanist
  3083 | D:3      | You fall into a shaft and drop 3 floors!
  3273 | D:6      | Reached skill level 1 in Armour
  3350 | D:6      | Found a glowing drain.
  3475 | Sewer    | Entered a sewer
  3603 | Sewer    | Noticed a crocodile
  3609 | Sewer    | Killed a crocodile
  3610 | Sewer    | Reached skill level 5 in Spellcasting
  3610 | Sewer    | Reached skill level 1 in Poison Magic
  3610 | Sewer    | Reached XP level 4. HP: 24/24 MP: 11/13
  3610 | Sewer    | Reached XP level 5. HP: 28/28 MP: 11/14
  3728 | D:6      | Reached skill level 1 in Air Magic
  3771 | D:6      | Found a shimmering blue altar of Sif Muna.
  3779 | D:5      | Entered Level 5 of the Dungeon
  3975 | D:5      | Reached XP level 6. HP: 32/32 MP: 10/16
  4143 | D:4      | Found a staircase to the Ecumenical Temple.
  4153 | Temple   | Entered the Ecumenical Temple
  4284 | D:3      | Found a glowing silver altar of Zin.
  4285 | D:3      | Noticed an angel
  4379 | D:3      | Found a faded altar of an unknown god.
  4385 | D:3      | Found a blossoming altar of Fedhas.
  4758 | D:4      | Found a radiant altar of Vehumet.
  5129 | D:4      | Found a sacrificial altar of Ru.
  5321 | D:4      | Became a worshipper of Vehumet
  5388 | D:5      | Reached skill level 1 in Ranged Weapons
  5562 | D:5      | Reached XP level 7. HP: 14/37 MP: 3/17
  5849 | D:4      | Reached skill level 1 in Fighting
  6170 | D:5      | Noticed a wyvern
  6235 | D:5      | Reached skill level 6 in Spellcasting
  6308 | D:4      | Learned a level 3 spell: Mephitic Cloud
  6319 | D:4      | HP: 1/38 [orc priest/nerve-wracking pain (14)]
  6679 | D:5      | Reached skill level 5 in Dodging
  6764 | D:5      | Killed a wyvern
  6765 | D:5      | Reached XP level 8. HP: 44/44 MP: 10/19
  7521 | D:6      | Found a burning altar of Makhleb.
  7536 | D:6      | Reached skill level 7 in Spellcasting
  7748 | D:6      | Reached skill level 1 in Short Blades
  7963 | D:6      | Reached * piety under Vehumet
  7963 | D:6      | Offered knowledge of Sandblast by Vehumet.
  7974 | D:6      | Reached skill level 5 in Conjurations
  7974 | D:6      | Reached skill level 1 in Evocations
  8300 | D:6      | Reached skill level 5 in Ranged Weapons
  8677 | D:7      | Reached XP level 9. HP: 46/48 MP: 16/22
  8827 | D:7      | Reached skill level 8 in Spellcasting
  8952 | D:7      | Noticed a troll
  9377 | D:7      | Learned a level 1 spell: Slow
  9408 | D:7      | Killed a troll
  9409 | D:7      | Reached skill level 1 in Hexes
 10015 | D:7      | Reached skill level 9 in Spellcasting
 10373 | D:7      | Found a shadowy altar of Dithmenos.
 10494 | D:7      | Reached XP level 10. HP: 56/56 MP: 13/25
 10831 | D:7      | Reached ** piety under Vehumet
 10831 | D:7      | Offered knowledge of Static Discharge by Vehumet.
 10858 | D:7      | Learned a level 5 spell: Freezing Cloud
 10997 | D:7      | Learned a level 3 spell: Teleport Other
 11038 | D:8      | Found the +9 sword of Power {lifebolt}
 11553 | D:8      | Reached skill level 1 in Ice Magic
 11613 | D:7      | Reached skill level 1 in Long Blades
 11910 | D:8      | Noticed a cyclops
 11927 | D:8      | Killed a cyclops
 11928 | D:8      | Reached skill level 5 in Hexes
 11993 | D:8      | Found Vybuemocs's Jewellery Boutique.
 12026 | D:8      | Identified the ring "Zukkohir" {rC+ Will+ Int+2}
 12064 | D:8      | Found a hide-covered altar of Uskayaw.
 12262 | D:9      | Noticed Prince Ribbit
 12277 | D:8      | Killed Prince Ribbit
 12278 | D:8      | Reached skill level 10 in Spellcasting
 12367 | D:8      | Reached skill level 1 in Throwing
 12492 | D:9      | Noticed Jeremiah
 12495 | D:9      | Noticed a boulder beetle
 12511 | D:9      | Killed a boulder beetle
 12519 | D:9      | Killed Jeremiah
 12765 | D:8      | Reached XP level 11. HP: 60/60 MP: 27/27
 12774 | D:9      | Offered knowledge of Dazzling Flash by Vehumet.
 13114 | D:9      | Noticed Pikel
 13128 | D:8      | Learned a level 3 spell: Swiftness
 13357 | D:9      | Found an ornate altar of the Wu Jian Council.
 13509 | D:9      | Killed Pikel
 13769 | D:10     | Entered Level 10 of the Dungeon
 13989 | D:10     | Learned a level 4 spell: Anguish
 14010 | D:9      | Learned a level 2 spell: Passwall
 14131 | D:10     | Reached *** piety under Vehumet
 14316 | D:10     | Found a stormy altar of Qazlal.
 14462 | D:10     | Reached skill level 1 in Necromancy
 14703 | D:10     | Found a staircase to the Orcish Mines.
 14705 | D:10     | Offered knowledge of Hailstorm by Vehumet.
 14706 | D:10     | Reached skill level 1 in Transmutations
 14706 | D:10     | Reached skill level 1 in Earth Magic
 14722 | D:10     | Learned a level 3 spell: Hailstorm
 15112 | D:10     | Found a staircase to the Lair.
 15119 | D:10     | Found a broken altar of Ashenzari.
 16515 | D:11     | Noticed a two-headed ogre
 16537 | D:11     | Killed a two-headed ogre
 16654 | D:11     | Noticed a red ugly thing
 16667 | D:11     | Killed a red ugly thing
 16992 | D:11     | Reached XP level 12. HP: 66/66 MP: 16/28
 17002 | D:11     | Reached skill level 11 in Spellcasting
 17309 | Orc:1    | Entered Level 1 of the Orcish Mines
 17309 | Orc:1    | Noticed an orc warlord
 17425 | Lair:1   | Entered Level 1 of the Lair of Beasts
 17437 | Lair:1   | Reached **** piety under Vehumet
 17638 | Lair:1   | Offered knowledge of Yara's Violent Unravelling by Vehumet.
 17639 | Lair:1   | Reached skill level 5 in Translocations
 17648 | Lair:1   | Reached skill level 10 in Dodging
 18126 | Lair:1   | Reached skill level 5 in Long Blades
 18577 | Lair:1   | Noticed a catoblepas
 18598 | Lair:1   | Killed a catoblepas
 18859 | Lair:1   | HP: 2/67 [poisoned by a black mamba]
 19279 | Lair:2   | Reached ***** piety under Vehumet
 19289 | Lair:2   | Offered knowledge of Iskenderun's Mystic Blast by Vehumet.
 19539 | Lair:2   | Noticed a six-headed hydra
 19541 | Lair:2   | Noticed a seven-headed hydra
 19721 | Lair:2   | Killed a seven-headed hydra
 19722 | Lair:2   | Reached skill level 12 in Spellcasting
 19729 | Lair:2   | Reached skill level 5 in Fighting
 19998 | D:8      | Bought the ring of the Battered Souls {rPois Str+6 Int+3}
                  | for 802 gold pieces
 20095 | Lair:2   | Killed a seven-headed hydra
 20132 | Lair:2   | Reached XP level 13. HP: 72/72 MP: 28/31
 20929 | Lair:2   | Found a staircase to the Swamp.
 21690 | Lair:3   | Reached skill level 10 in Conjurations
 21755 | Lair:3   | Noticed Josephine
 21761 | Lair:3   | Killed Josephine
 21763 | Lair:3   | Reached skill level 10 in Ranged Weapons
 21834 | Lair:3   | Got the Grimoire of Attendants and the Tesseract
 21840 | Lair:3   | Learned a level 4 spell: Iskenderun's Mystic Blast
 22294 | Lair:3   | Found a transporter.
 22312 | Lair:3   | Found a transporter.
 22315 | Lair:3   | Noticed Zonian's ghost (journeyman DgEE)
 22683 | Lair:3   | Found a hole to the Spider Nest.
 23314 | Lair:4   | Reached skill level 13 in Spellcasting
 23425 | Lair:4   | Found a transporter.
 23455 | Lair:4   | Found a viscous altar of Jiyva.
 23616 | Lair:4   | Found a staircase to the Slime Pits.
 23905 | Lair:4   | Found a transporter.
 24021 | Lair:5   | Entered Level 5 of the Lair of Beasts
 24565 | Lair:5   | Offered knowledge of Orb of Destruction by Vehumet.
 24996 | Lair:5   | Reached XP level 14. HP: 76/80 MP: 33/33
 25020 | Lair:5   | Learned a level 7 spell: Orb of Destruction
 25810 | Lair:5   | Identified the +3 orcbow "Bef Pya" {drain, Str+3}
 26437 | D:12     | Noticed Nessos
 26448 | D:12     | Killed Nessos
 26846 | D:12     | Reached skill level 10 in Long Blades
 26852 | D:12     | Reached skill level 14 in Spellcasting
 26947 | D:12     | Noticed Azrael
 26956 | D:12     | Killed Azrael
 27835 | D:13     | Found a gate to the Vaults.
 27835 | D:13     | Noticed an ironbound preserver
 27850 | D:13     | Killed an ironbound preserver
 28171 | D:13     | Noticed Sonja
 28180 | D:13     | Killed Sonja
 28386 | D:13     | Identified the staff "Hiecvof" {rC+ Conj Necro}
 28869 | D:14     | Noticed Agnes
 28877 | D:13     | Killed Agnes
 28965 | D:14     | Offered knowledge of Arcjolt by Vehumet.
 29036 | D:14     | Noticed Jorgrun
 29046 | D:14     | Killed Jorgrun
 29209 | D:14     | Found a gate leading to a gauntlet.
 29220 | Gauntlet | Entered a Gauntlet
 29220 | Gauntlet | Found a transporter.
 29220 | Gauntlet | Found a transporter.
 29277 | Gauntlet | Found a transporter.
 29277 | Gauntlet | Found a transporter.
 29286 | Gauntlet | Found a transporter.
 29310 | Gauntlet | Found a transporter.
 29311 | Gauntlet | Noticed a reaper
 29315 | Gauntlet | Found a transporter.
 29315 | Gauntlet | Found a transporter.
 29321 | Gauntlet | Found a transporter.
 29329 | Gauntlet | Found a transporter.
 29335 | Gauntlet | Found a transporter.
 29383 | Gauntlet | Found a transporter.
 29416 | Gauntlet | Found a transporter.
 29434 | Gauntlet | Found a transporter.
 29532 | Gauntlet | Found a transporter.
 29546 | Gauntlet | Found a transporter.
 29646 | Gauntlet | Reached skill level 15 in Spellcasting
 29651 | Gauntlet | Identified the +4 morningstar of Lolu {elec, Will- MP-9
                  | Str+8 Int+2}
 29816 | Gauntlet | Identified the +0 pair of gloves of Ixojedd {rElec Will-
                  | rCorr}
 30036 | Gauntlet | Reached XP level 15. HP: 88/88 MP: 28/36
 30161 | Gauntlet | Got the Compilation of Anathema
 30482 | D:14     | Found a shimmering altar of Xom.
 30517 | D:14     | Found a shimmering altar of Xom.
 30518 | D:14     | Found a shimmering altar of Xom.
 30520 | D:14     | Found a shimmering altar of Xom.
 30520 | D:14     | Found a shimmering altar of Xom.
 30521 | D:14     | Found a shimmering altar of Xom.
 30521 | D:14     | Found a shimmering altar of Xom.
 30683 | D:15     | Entered Level 15 of the Dungeon
 30820 | D:15     | HP: 6/132 [centaur warrior/+0 war axe (15)]
 30823 | D:15     | HP: 2/132 [centaur warrior/+0 war axe (15)]
 31028 | D:15     | Noticed Rupert
 31031 | D:15     | Found Fettunt's Assorted Antiques.
 31444 | Orc:1    | Noticed Fannar
 31454 | Orc:1    | Killed Fannar
 31606 | Orc:1    | Noticed Erolcha
 31613 | Orc:1    | Killed Erolcha
 31921 | Orc:2    | Entered Level 2 of the Orcish Mines
 32163 | Orc:2    | Noticed Donald
 32175 | Orc:2    | Killed Donald
 32564 | Orc:2    | Found a staircase to the Elven Halls.
 32671 | Orc:2    | Offered knowledge of Starburst by Vehumet.
 32707 | Orc:2    | Paralysed by an ogre mage for 5 turns
 32970 | Orc:2    | Reached skill level 16 in Spellcasting
 32989 | Orc:2    | Noticed Urug
 32996 | Orc:2    | Killed Urug
 33096 | Orc:2    | Found Zoffink's Jewellery Emporium.
 33180 | Orc:2    | Found Fuxkes's Antique Weapon Emporium.
 33244 | Orc:2    | Found Iroa's Antique Armour Emporium.
 33258 | Orc:2    | Found Suidghecu's General Store.
 33282 | Orc:2    | Bought a pair of warped boots for 294 gold pieces
 33282 | Orc:2    | Identified the +0 pair of boots of Bad Feelings {rF++ rCorr
                  | Dex-4} (You bought it in a shop on level 2 of the Orcish
                  | Mines)
 33286 | Orc:2    | Upgraded the game from 0.31-a0-1178-gc5c9b8f871 to
                  | 0.31-a0-1204-ge2c1a860ed
 33449 | Spider:1 | Entered Level 1 of the Spider Nest
 33579 | Spider:1 | Noticed Roxanne
 34093 | Spider:1 | Killed Roxanne
 34160 | Spider:1 | Found a transporter.
 34162 | Spider:1 | Found a transporter.
 34254 | Spider:1 | Got the +1 pair of boots "Ymush" {Fly rN+++ rCorr Dex-4}
 34365 | Spider:2 | Noticed an emperor scorpion
 35298 | Spider:2 | Killed an emperor scorpion
 35486 | Spider:2 | Reached XP level 16. HP: 87/96 MP: 31/38
 35853 | Spider:3 | Reached ****** piety under Vehumet
 35894 | Spider:3 | Offered knowledge of Plasma Beam by Vehumet.
 35902 | Spider:3 | Learned a level 6 spell: Plasma Beam
 35944 | Spider:3 | Reached skill level 1 in Fire Magic
 36216 | Spider:3 | Noticed Louise
 36229 | Spider:3 | Killed Louise
 36754 | Spider:3 | Reached skill level 17 in Spellcasting
 36816 | Spider:3 | Found a runed translucent door.
 36817 | Spider:3 | Noticed Jeuxtor's ghost (adept DrGl)
 37300 | Spider:4 | Entered Level 4 of the Spider Nest
 37478 | Spider:4 | Paralysed by a jorogumo for 2 turns
 37962 | Spider:3 | Reached skill level 10 in Fighting
 38042 | Spider:4 | Identified the serpent talisman "Imanoh" {rElec rC+}
 38042 | Spider:4 | Noticed Aizul
 38055 | Spider:4 | Killed Aizul
 38635 | Spider:4 | Noticed Bai Suzhen
 38651 | Spider:4 | Killed Bai Suzhen
 38720 | Spider:4 | Offered knowledge of Irradiate by Vehumet.
 38900 | Spider:4 | Reached skill level 5 in Fire Magic
 38903 | Spider:4 | Reached XP level 17. HP: 102/102 MP: 27/40
 39147 | Spider:4 | Noticed Mlioglotl
 39149 | Spider:4 | Reached skill level 15 in Long Blades
 39651 | Spider:4 | Killed Mlioglotl
 40499 | Spider:4 | Noticed Nikola
 40613 | Spider:4 | Killed Nikola
 40713 | Spider:4 | Offered knowledge of Eringya's Noxious Bog by Vehumet.
 40794 | Spider:4 | Reached skill level 18 in Spellcasting
 41416 | Spider:4 | Identified the +0 hat "Wuckuq" {rF+ rN+}
 41441 | Spider:4 | Got a gossamer rune of Zot
 41952 | Swamp:1  | Entered Level 1 of the Swamp
 42398 | Swamp:1  | Found a white marble altar of Elyvilon.
 43756 | Swamp:2  | Offered knowledge of Shatter by Vehumet.
 43756 | Swamp:2  | Offered knowledge of Ignition by Vehumet.
 43756 | Swamp:2  | Offered knowledge of Maxwell's Capacitive Coupling by
                  | Vehumet.
 44956 | Swamp:3  | Reached XP level 18. HP: 108/108 MP: 7/42
 45609 | Swamp:3  | Found an ancient bone altar of Kikubaaqudgha.
 45630 | Swamp:3  | HP: 3/110 [bunyip zombie (19)]
 45635 | Swamp:3  | Annihilated by a juggernaut zombie

Illustrated notes

Levels and vault maps discovered:
D:1:      dpeg_arrival_houses_and_road, layout_basic
D:2:      layout_loops_ring, serial_shops, shop
D:3:      layout_rooms, nicolae_overflow_ecumenical_swirl, trog_wizard,
          zin_angel
D:4:      layout_cave_pools, vehumet_crystals, mainiacjoe_overflow_alcove_1,
          minmay_temple_entry_mini_moons, serial_library_hellmonk_open_square,
          minmay_misc_feat_ornament, kennysheep_doodads
D:5:      black_bear_nest_1, layout_rooms
D:6:      layout_loops_ring, makhleb_blood_cavern_becter,
          mainiacjoe_overflow_brackets, portal_sewer_entry_f
D:7:      layout_basic, nicolae_dithmenos_through_a_glass_darkly, minmay_bent
D:8:      layout_gridville, mainiacjoe_overflow_paths, serial_shops, shop,
          corner_web_ring, chequers_serial_rivers_small_a, skrybe_limestone_x
D:9:      layout_rooms, nzn_wu_jian_council_hall, uniq_prince_ribbit1,
          uniq_jeremiah, uniq_pikel
D:10:     layout_cave_pools, grunt_qazlal_sundering,
          ashenzari_conservatory_becter, due_lair_maze_entry_diamond,
          kennysheep_orc_monster_closet_entryway, minmay_door_square,
          kennysheep_flooded_box
D:11:     layout_loops_ring, kennysheep_decorative_pillar
D:12:     layout_cave_pods, uniq_azrael, uniq_nessos
D:13:     layout_cave_pods, skrybe_vaults_entry_preservation,
          kennysheep_just_a_vault, uniq_sonja
D:14:     layout_layer_cave, grunt_decor_fettered, gauntlet_entry_generic,
          xom_shifter_show, uniq_jorgrun, uniq_agnes
D:15:     hangedman_depths_entry_civil_slaughter, layout_rooms, special_room
          [special_room_bee], serial_shops, nicolae_shop_tiny_real_fake_doors,
          uniq_rupert
Temple:   hellmonk_temple_micro_hex
Lair:1:   layout_hall_layers
Lair:2:   layout_gridlike, palyth_hydra_swamp_entry, minivault_11
Lair:3:   wander_river, layout_regular_city, spider_nest_entry_funnel_web,
          gammafunk_ghost_berserking_beasts, eino_house_with_fridge,
          uniq_josephine
Lair:4:   gammafunk_cloud_chamber, layout_long_grid,
          nicolae_slime_entry_field_trip
Lair:5:   minmay_lair_end_enchanted_forest, layout_cave_pods, grunt_megastairs_5
Swamp:1:  layout_basic_swamp, nicolae_swamp_feature_on_the_river_bank,
          swamp_pool_3, infiniplex_staircase_pool_2
Swamp:2:  layout_falls_marsh, evilmike_swamp_ruin_house_2
Swamp:3:  layout_basic_swamp, hangedman_swamp_ruin_wall, swamp_pool_3,
          beargit_kiku_chapel
Spider:1: gammafunk_boulding_lane, uniq_roxanne
Spider:2: layout_spider_delve
Spider:3: nicolae_spider_hall_of_the_moth_king, ebering_ghost_reflecting_pool,
          uniq_louise
Spider:4: spider_rune_water, uniq_nikola, uniq_aizul, uniq_bai_suzhen,
          uniq_mlioglotl
Orc:1:    layout_caves, mines1_david, uniq_erolcha, uniq_fannar
Orc:2:    grunt_orc_cross, layout_caves, uniq_donald

Skill      XL: |  1  2  3  4  5  6  7  8  9 10 11 12 13 14 15 16 17 18 |
---------------+-------------------------------------------------------+-----
Armour         | 1 2 3 4 |  4.0
Dodging        | 3 4 5 6 8 9 10 11 12 | 12.0
Stealth        | 3 |  3.0
Spellcasting   | 5 6 7 9 10 12 13 15 16 17 18 | 18.9
Conjurations   | 2 3 4 5 7 8 9 10 11 | 11.0
Summonings     | 2 |  2.0
Translocations | 2 3 4 5 |  5.0
Poison Magic   | 1 2 3 4 |  4.0
Air Magic      | 1 2 3 4 |  4.0
Ranged Weapons | 1 3 5 6 7 9 10 12 13 | 13.0
Fighting       | 1 2 3 4 5 6 8 9 10 11 | 11.0
Short Blades   | 1 |  1.0
Evocations     | 2 3 |  3.0
Hexes          | 3 5 6 |  6.0
Ice Magic      | 2 4 |  4.0
Long Blades    | 2 3 6 9 11 13 14 16 | 16.6
Throwing       | 1 |  1.0
Necromancy     | 2 4 |  4.0
Transmutations | 1 2 |  2.0
Earth Magic    | 1 2 |  2.0
Fire Magic     | 5 |  5.0

Action                     |  1- 3 |  4- 6 |  7- 9 | 10-12 | 13-15 | 16-18 || total
---------------------------+-------+-------+-------+-------+-------+-------++-------
  Melee: Dagger            |    22 |    10 |    42 |     9 |       |       ||    83
         Punch             |     1 |       |     2 |       |       |       ||     3
         Great sword       |       |       |       |   274 |   311 |    80 ||   665
   Fire: Orcbow            |       |       |       |     2 |   190 |   178 ||   370
         Longbow           |       |       |       |       |       |    75 ||    75
  Throw: Dart              |     4 |     1 |     3 |     3 |     8 |     1 ||    20
   Cast: Magic Dart        |   163 |    98 |   345 |   296 |   264 |    22 ||  1188
         Poisonous Vapours |     4 |    15 |    50 |   182 |   330 |   173 ||   754
         Blink             |       |       |     2 |     2 |     1 |       ||     5
         Mephitic Cloud    |       |       |     6 |    48 |    31 |     1 ||    86
         Teleport Other    |       |       |       |     7 |     2 |       ||     9
         Anguish           |       |       |       |    18 |    42 |     1 ||    61
         Freezing Cloud    |       |       |       |     9 |   115 |    72 ||   196
         Slow              |       |       |       |     5 |     6 |       ||    11
         Hailstorm         |       |       |       |     1 |     1 |       ||     2
         Iskenderun's Myst |       |       |       |       |    73 |   197 ||   270
         Orb of Destructio |       |       |       |       |     6 |   105 ||   111
         Swiftness         |       |       |       |       |       |     2 ||     2
  Evoke: Wand              |       |       |     9 |       |     2 |     1 ||    12
         Tin of tremorston |       |       |       |       |     1 |     2 ||     3
         Box of beasts     |       |       |       |       |     1 |     1 ||     2
         Phial of floods   |       |       |       |       |       |     1 ||     1
    Use: Scroll            |     7 |     1 |     3 |    11 |    17 |    16 ||    55
         Potion            |       |     1 |     1 |     6 |    13 |     4 ||    25
   Stab: Paralysed         |       |       |    13 |       |       |       ||    13
         Sleeping          |       |       |     3 |       |     1 |     1 ||     5
         Confused          |       |       |       |     8 |    12 |       ||    20
 Armour: Robe              |    29 |    26 |    70 |       |   111 |   312 ||   548
         Steam dragon scal |       |       |   105 |   278 |   278 |       ||   661
         Acid dragon scale |       |       |       |       |     7 |       ||     7
         Skin              |       |       |       |       |    20 |       ||    20
  Dodge: Dodged            |    39 |    29 |   183 |   371 |   440 |   237 ||  1299

Table legend: (Time is in decaauts)
 A = Elapsed time spent in this place.
 B = Non-inter-level travel time spent in this place.
 C = Inter-level travel time spent in this place.
 D = Time resting spent in this place.
 E = Time spent auto-exploring this place.
 F = Levels seen in this place.
 G = Mean time per level.
                   A        B        C        D        E       F      G
               +--------+--------+--------+--------+--------+-----+--------+
         Total |  45956 |  42195 |   3761 |  12655 |  20267 |  32 | 1436.1 |
       Dungeon |  21245 |  19302 |   1943 |   5232 |  10197 |  15 | 1416.3 |
        Temple |      1 |      1 |      0 |      0 |      0 |   1 |    1.0 |
          Lair |   9265 |   8459 |    806 |   1646 |   4983 |   5 | 1853.0 |
         Swamp |   3678 |   3583 |     95 |   1477 |   1504 |   3 | 1226.0 |
   Spider Nest |   8333 |   7483 |    850 |   3190 |   2183 |   4 | 2083.2 |
  Orcish Mines |   2204 |   2139 |     65 |    663 |    998 |   2 | 1102.0 |
         Sewer |    232 |    232 |      0 |     84 |     67 |   1 |  232.0 |
      Gauntlet |    995 |    995 |      0 |    362 |    333 |   1 |  995.0 |
               +--------+--------+--------+--------+--------+-----+--------+

Top non-repeatable levels by time:
Spider:3: 3182 daAuts
Spider:4: 2759 daAuts
     D:7: 2604 daAuts
  Lair:3: 2244 daAuts
     D:6: 2209 daAuts
     D:1: 2168 daAuts
  Lair:5: 2093 daAuts
  Lair:1: 2077 daAuts
     D:5: 1669 daAuts
     D:8: 1663 daAuts
     D:4: 1660 daAuts
  Lair:2: 1648 daAuts
    D:10: 1491 daAuts
    D:11: 1456 daAuts
 Swamp:1: 1444 daAuts
